 Dungeon Crawl Stone Soup version 0.31-a0-204-g7da18cac08 (webtiles) character file.

Game seed: 3802891276820387706

70 qw the Shooter (level 4, -2/25 HPs)
             Began as a Deep Elf Hunter on June 27, 2023.
             Killed by divine providence
             ... invoked by an orc priest
              (13 damage)
             ... on level 3 of the Dungeon.
             The game lasted 00:00:51 (2492 turns).

qw the Shooter (Deep Elf Hunter)                    Turns: 2492, Time: 00:00:52

Health: -2/25      AC:  5    Str: 10    XL:     4   Next: 3%
Magic:  6/6        EV: 12    Int: 14    God:
Gold:   99         SH:  0    Dex: 24    Spells: 3/3 levels left

rFire   . . .        Y - +0 shortbow
rCold   . . .        (shield currently unavailable)
rNeg    . . .        d - +0 ring mail
rPois   .            (no helmet)
rElec   .            (no cloak)
rCorr   .            (no gloves)
SInv    +            (no boots)
Will    .....        (no amulet)
Stlth   ++           j - +6 ring of dexterity
HPRegen 0.24/turn    h - ring of see invisible
MPRegen 0.10/turn

%: no passive effects
@: no status effects
A: no striking features
a: no special abilities


You were on level 3 of the Dungeon.
You visited 1 branch of the dungeon, and saw 3 of its levels.

You collected 99 gold pieces.


   Skills:
 - Level 1.5 Fighting
 + Level 7.2 Ranged Weapons
 - Level 3.0 Dodging
 - Level 1.2 Stealth


You had 3 spell levels left.
You didn't know any spells.
Your spell library was empty.

Inventory:

Hand Weapons
 Y - a +0 shortbow (weapon)
Armour
 d - a +0 ring mail (worn)
Jewellery
 b - a ring of protection from cold
 e - a ring of positive energy
 h - a ring of see invisible (right hand)
 j - a +6 ring of dexterity (left hand)
 k - a ring of resist corrosion
Scrolls
 a - a scroll of identify
Potions
 f - a potion of heal wounds
 g - a potion of berserk rage {unknown}

Dungeon Overview and Level Annotations

Branches:
Dungeon (3/15)

Altars:


Message History

Where to? (* - list waypoints, Enter - D:3, ? - help)
What level of the Dungeon? (default 1, ? - help)
You climb downwards.
The orc closely misses you.
There is a stone staircase leading up here.
There are monsters nearby!
You shoot an arrow.
The arrow hits the orc but does no damage.
The orc closely misses you. The orc hits you with a +0 hand axe.
The orc priest looks satisfied for a moment.
You shoot an arrow. The arrow hits the orc.
The orc is heavily wounded.
The orc priest misses you. The orc hits you with a +0 hand axe.
2449 ||| STAIRDANCE The orc priest hits you from afar with a +0 trident.
The orc hits you with a +0 hand axe.
You climb upwards.
There is a stone staircase leading down here.
You see here a +0 leather armour.
You shoot an arrow. The arrow hits the orc.
You kill the orc!
You start resting.
HP restored.
Done exploring.
(D) Dungeon
Where to? (* - list waypoints, Enter - D:3, ? - help)
What level of the Dungeon? (default 1, ? - help)
You climb downwards.
There is a stone staircase leading up here.
An orc priest is nearby!
You shoot an arrow. The arrow hits the orc priest!
The orc priest is severely wounded.
The orc priest hits you but does no damage.
You shoot an arrow. The arrow barely misses the orc priest.
The orc priest mumbles some strange prayers to Beogh against you.
Beogh smites you!
Ouch! That really hurt!
The orc priest invokes the aid of Beogh against you.
Beogh smites you!
Ouch! That really hurt!
You die...

#.....###.......................#
#.....# #......#.#####....####.##
#########...<....# #.........#
##...#...#..#######...#######
#......#.#.....).##.).#
#...........####.##.#.###
####....<.###..####....#...#
#......[#......#..o..#####.#####
#.###########.##@##....#...#...#
..# #.##.##.##.#.......# ###
#....o..##)..###...#
####.##......# ##.## #......#.###
#.# #..###.#.## #.# #.........#
##)### ###.####.(..####.....
#......#.......#..##.


You could see 2 orc priests.

Vanquished Creatures
  3 worms
  3 orcs
  7 ball pythons
  3 endoplasms
  6 goblins
  5 hobgoblins
  6 jackals (D:1)
  2 kobolds
  4 quokkas
  3 bats (D:2)
  6 frilled lizards
  8 rats
56 creatures vanquished.

Notes
Turn   | Place    | Note
-------+----------+-------------------------------------------
     0 | D:1      | qw the Deep Elf Hunter began the quest for the Orb.
     0 | D:1      | Reached XP level 1. HP: 12/12 MP: 3/3
     0 | D:1      | 0 ||| qw: Version: 0.3-a-22-g0ed2b0b
     0 | D:1      | 0 ||| qw: Game counter: 6384
     0 | D:1      | 0 ||| qw: Melee chars always use a shield: true
     0 | D:1      | 0 ||| qw: God list: Okawaru
     0 | D:1      | 0 ||| qw: Allow faded altars: false
     0 | D:1      | 0 ||| qw: Do Orc after clearing Dungeon:15 true
     0 | D:1      | 0 ||| qw: Do second Lair branch before Depths: true
     0 | D:1      | 0 ||| qw: Lair rune preference: random
     0 | D:1      | 0 ||| qw: Goals: Normal
     0 | D:1      | 0 ||| PLANNING D:1-11
   109 | D:1      | Reached XP level 2. HP: 16/16 MP: 4/4
   145 | D:1      | Reached skill level 6 in Ranged Weapons
   463 | D:1      | Found a faded altar of an unknown god.
   768 | D:1      | Reached XP level 3. HP: 14/20 MP: 5/5
  1045 | D:1      | 1045 ||| UPGRADING to ring of positive energy.
  1046 | D:1      | 1046 ||| UPGRADING to ring of see invisible.
  1047 | D:1      | 1047 ||| UPGRADING to +6 ring of dexterity.
  1049 | D:1      | 1049 ||| READING 2 scrolls labelled QIRCHINKEIK.
  1050 | D:1      | 1050 ||| READING scroll labelled RABERU GOEP.
  1051 | D:1      | 1051 ||| DROPPING scroll of butterflies.
  1165 | D:2      | Found the +8 trident of the Octopus King {venom, rElec
                  | rPois}
  1472 | D:2      | Reached skill level 7 in Ranged Weapons
  1846 | D:2      | 1846 ||| READING scroll labelled EXULEA HENOJ.
  1851 | D:2      | 1851 ||| READING scroll labelled YPHULIEPES.
  1852 | D:2      | 1852 ||| READING scroll labelled JESAZO MU IMI.
  1853 | D:2      | 1853 ||| READING 4 scrolls of identify.
  1853 | D:2      | 1853 ||| IDENTIFYING cyan potion
  1854 | D:2      | 1854 ||| READING 3 scrolls of identify.
  1854 | D:2      | 1854 ||| IDENTIFYING green potion
  1855 | D:2      | 1855 ||| READING 2 scrolls of identify.
  1855 | D:2      | 1855 ||| IDENTIFYING fuming white potion
  1856 | D:2      | 1856 ||| DROPPING potion of attraction.
  1857 | D:2      | 1857 ||| DROPPING potion of lignification.
  1923 | D:3      | 1923 ||| FLEEEEING.
  1924 | D:3      | 1924 ||| FLEEEEING.
  1925 | D:3      | 1925 ||| FLEEEEING.
  1926 | D:3      | 1926 ||| FLEEEEING.
  1927 | D:3      | 1927 ||| FLEEEEING.
  1928 | D:3      | 1928 ||| FLEEEEING.
  1930 | D:3      | Reached skill level 3 in Dodging
  2330 | D:3      | HP: 3/20 [orc priest/divine providence (17)]
  2331 | D:3      | 2331 ||| FLEEEEING.
  2332 | D:3      | 2332 ||| FLEEEEING.
  2333 | D:3      | 2333 ||| FLEEEEING.
  2334 | D:3      | 2334 ||| FLEEEEING.
  2335 | D:3      | 2335 ||| FLEEEEING.
  2344 | D:3      | 2344 ||| FLEEEEING.
  2345 | D:3      | 2345 ||| FLEEEEING.
  2346 | D:3      | 2346 ||| FLEEEEING.
  2347 | D:3      | 2347 ||| FLEEEEING.
  2348 | D:3      | 2348 ||| FLEEEEING.
  2353 | D:3      | 2353 ||| STAIRDANCE
  2405 | D:2      | 2405 ||| UPGRADING to +0 ring mail.
  2415 | D:2      | 2415 ||| DROPPING +0 leather armour.
  2416 | D:2      | 2416 ||| READING scroll labelled SAOMUW KIQOT.
  2424 | D:3      | 2424 ||| STAIRDANCE
  2427 | D:2      | Reached XP level 4. HP: 20/25 MP: 6/6
  2449 | D:3      | 2449 ||| STAIRDANCE
  2492 | D:3      | Killed from afar by an orc priest

Levels and vault maps discovered:
D:1:      lightli_arrival_farm, layout_basic, nicolae_ecumenical_snake_handling,
          chequers_decorated_corner
D:2:      layout_loops_corners, serial_bayou_pond_a, st_stairs_4
D:3:      layout_loops_cross

Skill      XL: |  1  2  3 |
---------------+----------+-----
Ranged Weapons | 6 7 |  7.2
Dodging        | 3 |  3.0
Fighting       | |  1.5
Stealth        | |  1.2

Action                     |  1- 3 |  4- 6 || total
---------------------------+-------+-------++-------
   Fire: Shortbow          |   139 |     5 ||   144
    Use: Scroll            |     9 |       ||     9
 Armour: Leather armour    |     8 |       ||     8
         Ring mail         |       |     1 ||     1
  Dodge: Dodged            |    34 |     3 ||    37

Table legend:
 A = Non-vault XP
 B = Vault XP
 C = Vault XP percentage of total XP
 D = Non-vault monster count
 E = Vault monster count
 F = Vault count percentage of total count
                 A         B        C        D         E       F
            +---------+---------+-------+---------+---------+-------
      Total |      96 |       4 |   4.0 |      53 |       3 |   5.4
            +---------+---------+-------+---------+---------+-------
        D:1 |      44 |       2 |   4.3 |      27 |       2 |   6.9
        D:2 |      34 |       2 |   5.6 |      18 |       1 |   5.3
        D:3 |      18 |       0 |   0.0 |       8 |       0 |   0.0
            +---------+---------+-------+---------+---------+-------
